Get step-by-step instructions on how to execute this build order below. Start the game timer, and the build order will tick by so you can play in parallel with StarCraft on a second screen or mobile device.

Game Time

  0:00

Last Step

  N/A

Next Step

Upcoming Step



Don't want to look back and forth between 2 screens? Try out our Overwolf App, the Spawning Tool Build Advisor to get an in-game overlay with this build!

Complete Build Order

  12  0:00  Drone  
  13  0:12  Overlord  
  13  0:17  Drone  
  14  0:31  Drone x2  
  16  0:37  Drone  
  17  0:54  Drone, Hatchery  
  17  0:58  Drone  
  18  1:08  Extractor  
  17  1:12  Spawning Pool  
  17  1:15  Drone  
  17  1:18  Drone  
  18  1:28  Drone  
  19  1:40  Drone  
  20  1:51  Drone  
  21  2:05  Queen x2  
  21  2:06  Zergling x4  
  27  2:18  Hatchery  
  27  2:20  Drone  
  27  2:22  Drone  
  28  2:26  Overlord  
  28  2:33  Metabolic Boost  
  28  2:45  Queen  
  28  2:49  Drone x2  
  32  2:53  Overlord  
  32  2:59  Drone x2  
  32  3:03  Drone  
  35  3:06  Drone  
  36  3:16  Drone  
  36  3:18  Drone  
  38  3:20  Drone  
  38  3:21  Drone, Queen  
  38  3:25  Drone  
  43  3:27  Overlord  
  43  3:34  Queen  
  43  3:38  Drone x2  
  47  3:43  Drone x2  
  47  3:44  Drone  
  47  3:48  Overlord  
  50  3:52  Drone x2  
  52  3:58  Drone x4  
  56  4:03  Queen  
  56  4:06  Drone  
  56  4:09  Drone x2  
  61  4:12  Drone  
  61  4:13  Baneling Nest  
  61  4:18  Drone x4  
  61  4:24  Drone  
  65  4:35  Zergling x10  
  64  4:38  Drone x2  
  64  4:43  Drone x4  
  65  4:46  Drone x3  
  65  4:48  Spore Crawler  
  65  4:50  Spore Crawler  
  65  4:52  Lair  
  60  4:56  Spore Crawler  
  59  5:02  Drone  
  59  5:05  Drone x3  
  63  5:08  Drone  
  63  5:10  Drone  
  63  5:11  Drone  
  63  5:12  Hatchery  
  63  5:13  Drone  
  66  5:18  Overlord  
  66  5:21  Overlord  
  64  5:38  Drone x6  
  64  5:39  Drone  
  64  5:41  Extractor  
  70  5:42  Extractor  
  70  5:46  Hatchery  
  70  5:47  Drone x9  
  77  5:55  Spire  
  76  5:58  Drone x3, Extractor x3  
  76  5:59  Drone  
  77  6:09  Zergling x10  
  82  6:12  Roach Warren  
  82  6:16  Evolution Chamber  
  82  6:17  Evolution Chamber  
  82  6:18  Overseer  
  79  6:21  Zergling x6  
  82  6:30  Zergling x12  
  81  6:39  Queen x2  
  81  6:42  Zergling x2  
  81  6:43  Zergling x10  
  79  6:56  Drone x3  
  79  6:57  Drone  
  79  7:03  Drone x4  
  79  7:05  Queen x2  
  87  7:15  Mutalisk  
  87  7:16  Mutalisk x2  
  87  7:18  Overlord x2  
  87  7:19  Overlord  
  93  7:27  Overseer  
  93  7:36  Queen  
  95  7:40  Mutalisk x6  
  95  7:43  Mutalisk x2  
  108  7:50  Zerg Ground Armor Level 1, Zerg Missile Weapons Level 1  
  110  7:52  Glial Reconstitution  
  110  8:01  Overlord x4  
  110  8:12  Centrifugal Hooks  
  110  8:19  Baneling x2  
  110  8:20  Baneling x2  
  110  8:23  Roach x7  
  110  8:24  Hatchery  
  110  8:26  Queen  
  125  8:33  Drone x5  
  130  8:40  Drone x6  
  134  8:43  Ravager  
  135  8:54  Roach x7  
  149  8:57  Overlord x2  
  149  9:07  Overseer  
  149  9:08  Drone x4  
  147  9:10  Overlord x4  
  147  9:15  Infestation Pit  
  145  9:17  Pneumatized Carapace  
  145  9:28  Ravager  
  145  9:29  Ravager x8  
  154  9:37  Drone x7  
  161  9:43  Hatchery  
  160  9:45  Zerg Flyer Weapons Level 1  
  160  9:47  Baneling  
  160  9:48  Baneling x9  
  160  9:49  Zergling x26  
  173  9:53  Extractor  
  173  9:58  Overlord x2  
  172  10:03  Zerg Missile Weapons Level 2  
  170  10:10  Zerg Ground Armor Level 2  
  168  10:18  Spine Crawler x2  
  168  10:19  Drone x12  
  168  10:21  Spine Crawler  
  177  10:23  Spine Crawler  
  177  10:25  Hive  
  176  10:42  Zergling x20  
  178  10:57  Extractor  
  178  10:59  Ravager x4  
  178  11:01  Baneling x17  
  178  11:02  Baneling x4  
  181  11:15  Hydralisk Den  
  180  11:19  Nydus Network, Hatchery  
  178  11:26  Drone x3, Extractor  
  178  11:27  Drone x3  
  178  11:30  Extractor  
  182  11:34  Hatchery  
  182  11:37  Spine Crawler  
  182  11:39  Spine Crawler  
  179  11:40  Spine Crawler  
  171  11:48  Viper x2  
  171  11:50  Lurker Den  
  175  12:02  Viper x2  
  179  12:15  Overseer  
  179  12:18  Overseer  
  173  12:26  Roach  
  173  12:27  Zergling x36, Roach x10  
  188  12:52  Ravager  
  188  12:53  Ravager x7  
  192  13:04  Zergling x30  
  192  13:05  Zergling x10  
  189  13:15  Zergling x20  
  179  13:28  Seismic Spines  
  179  13:33  Drone x9  
  179  13:34  Drone x3  
  191  13:52  Hydralisk x4  
  199  14:00  Zerg Missile Weapons Level 3, Zerg Ground Armor Level 3  
  169  14:20  Hydralisk x2  
  169  14:21  Hydralisk  
  169  14:23  Lurker x3  
  172  14:26  Adaptive Talons  
  172  14:30  Nydus Canal  
  172  14:34  Nydus Network  
  171  14:38  Lurker  
  171  14:46  Overseer  
  167  14:54  Zerg Flyer Weapons Level 2  
  167  14:57  Spire  
  163  15:01  Extractor  
  163  15:03  Roach x10  
  163  15:04  Zergling x34  
  199  15:14  Hatchery  
  195  15:32  Baneling x43  
  195  15:33  Baneling x9  
  195  15:45  Spine Crawler  
  195  15:47  Spine Crawler  
  176  16:08  Zergling x54  
  176  16:09  Zergling x14  
  164  16:21  Roach x11  
  178  16:30  Nydus Canal  
  169  16:44  Adrenal Glands  
  149  16:50  Roach x17  
  177  16:55  Baneling x37  
  177  16:58  Drone x10  
  151  17:23  Zergling x18  
  151  17:24  Zergling x18  
  151  17:27  Greater Spire  
  151  17:28  Zerg Flyer Weapons Level 3  
  169  17:30  Ravager x4  
  169  17:31  Ravager x3  
  169  17:33  Drone x4, Extractor x2  
  169  17:37  Ravager x5  
  179  17:43  Extractor  
  182  17:49  Zerg Melee Weapons Level 1  
  182  17:54  Corruptor  
  182  17:55  Corruptor x2  
  182  17:57  Hatchery  
  187  18:01  Overseer  
  175  18:09  Spore Crawler  
  175  18:10  Drone x24  
  191  18:19  Corruptor x5  
  186  18:24  Drone x2  
  186  18:26  Overlord  
  198  18:30  Spine Crawler  
  198  18:31  Spore Crawler  
  198  18:33  Spine Crawler  
  190  18:43  Spore Crawler  
  190  18:47  Burrow  
  185  18:48  Hatchery  
  185  18:49  Drone x11  
  188  19:04  Baneling x13  
  188  19:08  Spore Crawler x2  
  182  19:12  Zerg Flyer Armor Level 1  
  182  19:15  Neural Parasite  
  172  19:18  Drone x14  
  174  19:34  Zergling x2  
  174  19:35  Zergling x38  
  173  19:46  Corruptor x3  
  173  19:47  Brood Lord x3  
  173  19:49  Brood Lord  
  173  19:51  Brood Lord  
  172  20:09  Corruptor x4  
  175  20:18  Queen x3  
  175  20:19  Corruptor x3  
  164  20:31  Roach x9  
  178  20:43  Roach x2  
  178  20:44  Roach x7  
  192  20:52  Drone x8  
  200  21:08  Zerg Flyer Armor Level 2  
  200  21:09  Zerg Melee Weapons Level 2  
  192  21:28  Viper x2  
  192  21:30  Zergling x30  
  194  21:41  Zergling x12  
  186  21:54  Zergling x32  
  186  21:56  Zergling x6  
  181  22:03  Zergling x8  
  181  22:13  Zergling x10  
  182  22:16  Spine Crawler, Extractor  
  182  22:17  Spine Crawler, Extractor  
  182  22:20  Baneling  
  182  22:21  Baneling x22  
  177  22:38  Overseer x2  
  177  22:43  Drone x5  
  177  22:44  Drone x3  
  163  22:53  Baneling  
  163  22:54  Baneling x12  
  163  22:56  Zergling x50  
  188  23:03  Drone x2  
  190  23:12  Roach x5  
  182  23:24  Roach x11  
  182  23:25  Roach x6  
  192  23:43  Hatchery  
  192  23:47  Ravager x6  
  188  23:48  Overlord  
  188  23:49  Overlord  
  188  23:50  Ravager  
  155  24:03  Ravager x3  
  155  24:07  Zergling x52  
  155  24:08  Zergling x8  
  183  24:26  Roach x9  
  173  24:40  Zergling x32  
  172  24:47  Brood Lord x2  
  167  25:01  Hatchery  
  167  25:02  Zergling x2  
  167  25:03  Zergling x34  
  160  25:07  Brood Lord x2  
  160  25:11  Drone x2  
  166  25:14  Extractor  
  166  25:15  Extractor  
  164  25:23  Drone x2  
  164  25:25  Drone x9  
  175  25:29  Baneling x14  
  175  25:38  Baneling x5  
  175  25:39  Baneling  
  175  25:41  Zergling x12  
  175  25:42  Zergling x20  
  191  25:44  Extractor  
  191  25:48  Extractor  
  170  25:57  Zergling x44  
  179  26:06  Zergling x22  
  165  26:11  Zergling x2  
  165  26:12  Zergling x4  
  165  26:17  Zergling x32  
  167  26:32  Drone  
  167  26:33  Drone x16, Spore Crawler  
  167  26:37  Baneling x14  
  167  26:38  Baneling x7  
  171  26:40  Baneling x3  
  167  26:47  Zergling x20  
  167  26:48  Zergling x6  
  132  27:08  Zergling x36  
  148  27:14  Corruptor  
  148  27:15  Corruptor  
  151  27:22  Spine Crawler  
  150  27:24  Spine Crawler  
  150  27:27  Spore Crawler  
  143  27:38  Roach x8  
  143  27:39  Zergling x16  
  161  27:46  Baneling x2  
  161  27:47  Baneling  
  161  27:49  Drone x8  
  163  28:06  Baneling x7  
  163  28:18  Baneling x5  
  163  28:23  Zergling x32  
  163  28:24  Zergling x10  
  182  28:27  Hatchery  
  182  28:31  Spine Crawler  
  154  28:43  Roach x11  
  154  28:46  Zergling x14  
  173  29:05  Drone x2  
  175  29:11  Hatchery  
  162  29:19  Viper x2  
  158  29:25  Drone x9  
  164  29:38  Zergling x2  
  164  29:39  Zergling x50  
  185  29:47  Drone x2  
  185  29:48  Overseer x2  
  184  29:53  Drone x10  
  191  30:10  Viper  
  191  30:11  Viper  
  192  30:21  Drone x2  
  192  30:22  Drone  
  192  30:23  Drone x2  
  191  30:42  Roach x5  
  200  30:43  Roach x5  
  200  30:44  Drone x2  
  191  30:53  Spine Crawler  
  191  30:54  Drone x2  
  191  30:55  Spine Crawler  
  189  31:01  Ravager x6  
  192  31:14  Extractor  
  192  31:15  Baneling x9  
  192  31:17  Extractor  
  190  31:18  Drone x4  
  190  31:19  Drone x5  
  198  31:39  Zergling x12  
  199  31:40  Zergling x28  
  184  31:48  Zergling x22  
  195  31:56  Viper  
  173  32:16  Swarm Host x9  
  198  32:23  Baneling x18  
  182  32:39  Drone, Spine Crawler  
  182  32:40  Drone x11, Spine Crawler  
  182  32:41  Drone  
  182  32:42  Spine Crawler x2  
  191  32:49  Spine Crawler  
  191  32:50  Swarm Host x5  
  181  32:51  Spine Crawler  
  181  32:55  Zergling x38  
  196  33:21  Zerg Melee Weapons Level 3, Ultralisk Cavern  
  191  33:30  Drone x9  
  199  33:42  Baneling x23  
  195  34:03  Spine Crawler  
  195  34:07  Chitinous Plating  
  191  34:46  Corruptor x5  
  181  35:16  Ultralisk x3  
  199  35:26  Anabolic Synthesis  
  195  35:46  Brood Lord x2  
  180  36:07  Ultralisk x3  
  180  36:09  Ultralisk  
  195  36:37  Spine Crawler  
  195  36:38  Overseer, Spine Crawler x2  
  192  36:40  Spore Crawler  
  191  36:50  Ultralisk  
  191  37:08  Zergling x42  
  184  37:09  Zergling x6